 Dungeon Crawl Stone Soup version 0.18.1-2-ga659475 (webtiles) character file.

119 Chiseanne the Skirmisher (level 5, -5/46 HPs)
             Began as a Ghoul Earth Elementalist on May 8, 2016.
             Engulfed by a cloud of flame (18 damage)
             ... on level 3 of the Dungeon.
             The game lasted 00:07:19 (2450 turns).

Chiseanne the Skirmisher (Ghoul Earth Elementalist) Turns: 2450, Time: 00:07:20

Health: -5/46      AC:  5    Str: 12    XL:     5   Next: 3%
Magic:  6/6        EV: 11    Int: 10    God:
Gold:   106        SH:  0    Dex: 10    Spells: 2 memorised, 4 levels left

rFire  . . .     SeeInvis .     k - +0 short sword
rCold  + . .     Gourm    .     o - +0 ring mail
rNeg   + + +     Faith    .     (no shield)
rPois  ∞         Spirit   .     (no helmet)
rElec  .         Dismiss  .     (no cloak)
rCorr  .         Reflect  .     (no gloves)
SustAt .         Harm     .     (no boots)
MR     .....                    (no amulet)
Stlth  +.........               (no ring)
                                (no ring)

@: rotting, not resistant to hostile enchantments, very unstealthy
A: rotting body, claws 1, carnivore 3, cold resistance 1, negative energy
resistance 3, slow regeneration 1, torment resistance, unbreathing
a: no special abilities


You were on level 3 of the Dungeon.
You were not hungry.

You visited 1 branch of the dungeon, and saw 3 of its levels.

You collected 106 gold pieces.

Inventory:

Hand Weapons
 e - a +0 hunting sling
 k - a +0 short sword (weapon)
 n - a +0 war axe
Missiles
 b - 51 stones (quivered)
 f - 56 arrows
Armour
 o - a +0 ring mail (worn)
 p - a +0 scale mail
Potions
 h - a potion of haste {unknown}
 i - a potion of mutation {unknown}
 j - a potion of lignification {unknown}
 l - a potion of flight {unknown}
Books
 c - a book of Geomancy

   Spells                             Type                      Level
   a - Sandblast                      Earth                        1
   b - Passwall                       Transmutation/Earth          2
   c - Stone Arrow                    Conjuration/Earth            3
   d - Petrify                        Transmutation/Earth          4
   e - Lee's Rapid Deconstruction     Earth                        5
 m - a book of Summonings

   Spells                             Type                      Level
   a - Recall                         Summoning/Translocation      3
   b - Aura of Abjuration             Summoning                    5
   c - Summon Demon                   Summoning                    5
   d - Summon Forest                  Summoning/Translocation      5
   e - Summon Mana Viper              Hexes/Summoning              5
   f - Shadow Creatures               Summoning                    6
Comestibles
 d - 2 meat rations


   Skills:
 * Level 4.0 Fighting
 * Level 1.0 Armour
 * Level 2.4 Dodging
 - Level 2.1 Stealth
 - Level 1.7 Spellcasting
 - Level 0.8 Transmutations
 - Level 3.2 Earth Magic


You had 4 spell levels left.
You knew the following spells:

 Your Spells              Type           Power        Failure   Level  Hunger
a - Sandblast             Erth           #.....       21%         1    ##.....
b - Passwall              Trmt/Erth      #.........   47%         2    ###....


Dungeon Overview and Level Annotations

Branches:
Dungeon (3/15)

Altars:
Zin


Innate Abilities, Weirdness & Mutations

Your body is rotting away.
You thrive on raw meat.
You are immune to poison.
You have sharp fingernails.
You are carnivorous and can eat meat at any time.
Your flesh is cold resistant.
You are immune to negative energy.
You regenerate slowly when monsters are visible.
You are immune to unholy pain and torment.
You can survive without breathing.


Message History

The orc is almost dead.
The orc hits you.
You closely miss the orc.
The orc is almost dead.
The orc misses you.
You hit the orc.
The orc explodes!
The fiery explosion engulfs you!
Ouch! That really hurt!
* * * LOW HITPOINT WARNING * * *
The fiery explosion engulfs the hobgoblin.
The hobgoblin explodes!
The fiery explosion engulfs the hobgoblin.
The hobgoblin explodes!
The fiery explosion engulfs the orc.
The orc explodes!
You have reached level 5!
You feel stronger.
You are engulfed in roaring flames.
You die...

..≈≈≈≈♣ ♣##. ...........####.###
##P≈PP≈P ≈P♣♣ ...#...............
##♣≈≈≈≈≈≈≈≈≈≈≈♣♣.##.........#....
≈P≈≈P≈≈≈≈≈≈≈≈≈≈...........#....
≈≈≈≈≈P≈≈≈≈≈≈≈ ≈≈≈##........#....
.≈≈.≈≈P≈≈≈≈≈≈≈≈♣.##........#..##
.......≈...≈P≈≈♣..............##
.......###§§§........#
.......@§§§§.........# .
≈......####§§........#≈P
P≈♣###.####.####.....≈.≈
.#.#....# #.....P≈P
........####......≈≈
##................PP
###...#####.......≈ #...
#........ #... #........


There were no monsters in sight!

Vanquished Creatures
  An orc priest (D:2)
  An adder (D:2)
  2 oozes
  A worm (D:2)
  A dart slug (D:2)
  2 giant geckos (D:2)
  5 orcs
  A ball python (D:1)
  8 bats
  A giant cockroach (D:1)
  8 goblins
  7 hobgoblins
  2 jackals (D:2)
  6 kobolds
  3 quokkas
  5 giant newts
  2 rats
56 creatures vanquished.

Notes
Turn   | Place    | Note
--------------------------------------------------------------
     0 | D:1      | Chiseanne the Ghoul Earth Elementalist began the quest for the Orb.
     0 | D:1      | Reached XP level 1. HP: 14/14 MP: 2/2
   182 | D:1      | Reached skill level 1 in Fighting
   384 | D:1      | Reached XP level 2. HP: 20/24 MP: 3/3
   542 | D:1      | Reached skill level 2 in Fighting
  1138 | D:2      | Reached XP level 3. HP: 30/30 MP: 0/4
  1275 | D:2      | Reached skill level 3 in Fighting
  1445 | D:2      | Learned a level 2 spell: Passwall
  1869 | D:2      | Reached XP level 4. HP: 36/39 MP: 5/5
  2053 | D:2      | Reached skill level 4 in Fighting
  2296 | D:3      | Found a glowing silver altar of Zin.
  2301 | D:3      | Reached skill level 1 in Armour
  2450 | D:3      | Reached XP level 5. HP: 13/46 MP: 6/6
  2450 | D:3      | Engulfed by a cloud of flame

Skill      XL: |  1  2  3  4 |
---------------+-------------+-----
Fighting       | 1 2 3 4 |  4.0
Dodging        | 2 |  2.4
Armour         | 1 |  1.0
Stealth        | |  2.1
Spellcasting   | |  1.7
Transmutations | |  0.8
Earth Magic    | |  3.2

Action                   |  1- 3 |  4- 6 || total
-------------------------+-------+-------++-------
Melee: Dagger            |    81 |       ||    81
       Unarmed           |     1 |       ||     1
       Short sword       |    61 |    96 ||   157
 Cast: Sandblast         |    44 |       ||    44
  Use: Scroll            |     2 |     2 ||     4
       Potion            |       |     3 ||     3
 Stab: Sleeping          |     1 |       ||     1
  Eat: Chunk             |    23 |    15 ||    38
Armor: Robe              |    26 |       ||    26
       Ring mail         |     4 |    46 ||    50
Dodge: Dodged            |   121 |    72 ||   193
